 Dungeon Crawl Stone Soup version 0.29-a0-495-g17b79114eb (webtiles) character file.

Game seed: 4291515117714773553

561577 siradein the Slayer (level 24, -1/268 HPs)
             Began as a Minotaur Berserker on May 28, 2022.
             Was the Champion of Trog.
             Slain by an electric golem (21 damage)
             ... on level 1 of the Realm of Zot.
             The game lasted 02:10:00 (56232 turns).

siradein the Slayer (Minotaur Berserker)           Turns: 56232, Time: 02:10:01

Health: -1/268     AC: 46    Str: 29    XL:     24   Next: 79%
Magic:  17/17      EV: 15    Int: 11    God:    Trog [******]
Gold:   4829       SH:  5    Dex:  5    Spells: 23/23 levels left

rFire   + + .      SeeInvis +   w - +9 executioner's axe (venom)
rCold   + . .      Faith    .   (shield currently unavailable)
rNeg    + . .      Spirit   .   r - +7 gold dragon scales
rPois   +          Reflect  +   y - +1 hat
rElec   .          Harm     .   u - +2 cloak
rCorr   .          Rampage  .   f - +2 pair of gloves
Will    +....                   O - +2 pair of boots {Fly}
Stlth   ..........              A - amulet "Sabbei Raib" {Reflect Fly Regen+ Str-5 SH+5}
HPRegen 1.34/turn               C - ring of Qaathoju {rN+ EV+4 Int+3 Dex-5 SInv}
MPRegen 0.15/turn               K - ring of Fiyf {Fly rPois rF+ Int+4}

@: on berserk cooldown, flying, slowed, studying 4 skills, very slow
A: horns 2, retaliatory headbutt, talons 1, low MP 2, mutation resistance 1,
robust 1
}: 4/15 runes: decaying, slimy, silver, gossamer
a: Renounce Religion, Berserk, Trog's Hand, Brothers in Arms


You were on level 1 of the Realm of Zot.
You worshipped Trog.
Trog was exalted by your worship.
You visited 11 branches of the dungeon, and saw 50 of its levels.
You also visited: Bailey and Ice Cave.

You collected 8905 gold pieces.
You spent 4076 gold pieces at shops.

Inventory:

Hand Weapons
 d - the +9 lajatang of Righteous Anger {vorpal, rElec Will++}
   (Trog gifted it to you on level 3 of the Spider Nest)

   It inflicts extra damage upon your enemies.
   rElec:     It insulates you from electricity.
   Will:      It greatly increases your willpower.
 w - a +9 executioner's axe of venom (weapon)
Missiles
 D - a throwing net
 E - 4 silver boomerangs
 M - 33 boomerangs (quivered)
 R - 20 curare-tipped darts
 Y - 7 silver javelins
 Z - 14 javelins
Armour
 f - a +2 pair of gloves (worn)
 r - +7 gold dragon scales (worn)
 u - a +2 cloak (worn)
 y - a +1 hat (worn)
 O - a +2 pair of boots of flying (worn)
Jewellery
 o - a +4 ring of slaying
 s - the ring "Qyareops" {rC+ rCorr Dex+4}
   (You found it on level 4 of the Dungeon)

   [ring of resist corrosion]

   Dex:       It affects your dexterity (+4).
   rC:        It protects you from cold.
   rCorr:     It protects you from acid and corrosion.
 A - the amulet "Sabbei Raib" (around neck) {Reflect Fly Regen+ Str-5 SH+5}
   (You found it on level 3 of the Elven Halls)

   [amulet of reflection]

   It reflects blocked missile attacks.
   Str:       It affects your strength (-5).
   Fly:       It grants you flight.
   Regen:     It increases your rate of health regeneration.
   SH:        It affects your SH (+5).
 C - the ring of Qaathoju (left hand) {rN+ EV+4 Int+3 Dex-5 SInv}
   (You acquired it on level 1 of the Depths)

   [ring of evasion]

   EV:        It affects your evasion (+4).
   Int:       It affects your intelligence (+3).
   Dex:       It affects your dexterity (-5).
   rN:        It protects you from negative energy.
   SInv:      It lets you see invisible.
 K - the ring of Fiyf (right hand) {Fly rPois rF+ Int+4}
   (You found it on level 5 of the Pits of Slime)

   [ring of flight]

   Int:       It affects your intelligence (+4).
   rF:        It protects you from fire.
   rPois:     It protects you from poison.
   Fly:       It grants you flight.
Wands
 c - a wand of polymorph (37)
 l - a wand of charming (11)
 z - a wand of mindburst (34)
 J - a wand of paralysis (25)
 L - a wand of digging (28)
 P - a wand of flame (84)
 V - a wand of iceblast (51)
 W - a wand of acid (16)
Scrolls
 a - 2 scrolls of enchant weapon
 g - 7 scrolls of fear
 i - 10 scrolls of poison
 n - 23 scrolls of teleportation
 x - 3 scrolls of silence
 B - 11 scrolls of magic mapping
 H - 4 scrolls of summoning
 I - 7 scrolls of immolation
 S - 8 scrolls of blinking
 T - 5 scrolls of fog
Potions
 h - 12 potions of ambrosia
 j - 8 potions of heal wounds
 k - 35 potions of curing
 m - 10 potions of mutation
 p - 5 potions of invisibility
 q - 8 potions of berserk rage
 t - 3 potions of cancellation
 v - 7 potions of resistance
 F - 8 potions of might
 X - 9 potions of haste
Miscellaneous
 b - a phial of floods
 e - a phantom mirror
 G - a box of beasts
 N - a lightning rod (4/4)
 Q - a condenser vane
 U - a tin of tremorstones (2/2)


   Skills:
 + Level 25.6 Fighting
 + Level 25.6 Axes
 + Level 10.6 Throwing
 + Level 25.5 Armour
 + Level 25.1 Dodging
 + Level 11.7 Evocations


You had 23 spell levels left.
You didn't know any spells.
Your spell library was empty.

Dungeon Overview and Level Annotations

Branches:
Dungeon (15/15)            Temple (0/1) D:7            Lair (6/6) D:8
  Swamp (4/4) Lair:4       Spider (4/4) Lair:4        Slime (5/5) Lair:6
    Orc (2/2) D:9             Elf (3/3) Orc:2        Vaults (5/5) D:13
  Crypt (0/3) Vaults:3     Depths (4/4) D:15           Hell (visited)
    Zot (1/5) Depths:4     Bailey (visited)           IceCv (visited)
    Dis: Hell:1         Geh: Hell:1         Coc: Hell:1         Tar: Hell:1

Altars:
Hepliaklqana
Kikubaaqudgha
Makhleb
Nemelex Xobeh
Uskayaw
Beogh
Jiyva

Shops:
D:12 !   Orc:2 *:**   Elf:1 *=:=   Elf:3 ?   Vaults:2 (   Vaults:3 !
Depths:2 (!(

Portals:
Hell: Depths:1 Depths:2 Depths:3 Depths:4
Abyss: Depths:3
Pandemonium: Depths:2
Ziggurat: Depths:4

Annotations:
Hell Geryon


Innate Abilities, Weirdness & Mutations

You have a pair of horns on your head.
You reflexively headbutt those who attack you in melee.
You have sharp toenails.
Your magical capacity is very low. (-20% MP)
You are somewhat resistant to further mutation.
You are robust. (+10% HP)


Message History

The electric golem hurls lightning at you.
The bolt of lightning hits you!
You cut the moth of wrath into ribbons!!!
You kill the moth of wrath!
Trog accepts your kill.
The electric golem hurls lightning at you.
The bolt of lightning hits you.
The electric golem blinks!
The electric golem blinks!
The electric golem crackles and sizzles.
The electric golem hits you but does no damage. x2
The electric golem misses you.
The electric golem completely misses you.
The electric golem hurls lightning at you.
The bolt of lightning hits you!!
The electric golem hurls lightning at you.
The bolt of lightning hits you!!
* * * LOW HITPOINT WARNING * * *
You see here a scroll of blinking.
The electric golem hurls lightning at you.
The bolt of lightning hits you!!
* * * LOW HITPOINT WARNING * * *
The bolt of lightning misses you.
The bolt of lightning hits the electric golem.
The electric golem completely resists.
The electric golem closely misses you. You furiously retaliate!
You headbutt the electric golem!
The electric golem completely misses you.
The electric golem hits you but does no damage. x2
You closely miss the electric golem.
Your headbutt misses the electric golem.
The electric golem is heavily damaged.
The electric golem crackles and sizzles.
The electric golem hurls lightning at you.
The bolt of lightning misses you. The bolt of lightning hits you!
* * * LOW HITPOINT WARNING * * *
The bolt of lightning misses the electric golem.
The electric golem hits you but does no damage.
The electric golem hits you!
* * * LOW HITPOINT WARNING * * *
The electric golem shocks you!!
You die...

#...## ##...# #..... #####
#..... ####...# #.....
###..>...############.....
.........................)
........?9......⌠.........
.........@................
.#####†.#####.############
#...#.#...#.#
#.....#†....#.
#.[...#.....#..
#.....#?....#...
##...###...###... ..###
##'## ###. .## .. ##


You could see an electric golem.

Vanquished Creatures
  the Royal Jelly (Slime:5)
  Mara (Elf:3)
  An ancient lich (Vaults:5)
  An orb of fire (Zot:1)
  A juggernaut (Depths:3)
  Bai Suzhen (Spider:4)
  the Lernaean hydra (Swamp:4)
  5 golden dragons
  Rupert (Spider:1)
  3 tentacled monstrosities
  2 Ice Fiends (IceCv)
  Jorgrun (D:14)
  7 titans
  2 liches
  Murray (Depths:4)
  2 quicksilver dragons
  3 deep elf master archers
  2 deep elf blademasters (Elf:3)
  23 acid blobs
  A walking frostbound tome (Depths:3)
  4 sphinxes
  2 death cobs (Zot:1)
  10 shadow dragons
  3 thorn hunters
  9 storm dragons
  9 tengu reavers
  13 azure jellies
  17 rockslimes
  Donald (Swamp:4)
  2 fenstrider witches
  7 fire giants
  A draconian knight (Depths:4)
  7 frost giants
  13 deep elf sorcerers
  19 vault wardens
  7 emperor scorpions
  Aizul (Depths:1)
  4 iron dragons
  Louise (Depths:3)
  7 ghost moths
  2 orc warlords
  3 draconian scorchers (Depths:4)
  A draconian annihilator (Zot:1)
  A juggernaut skeleton (Depths:1)
  34 very ugly things
  14 ironbound preservers
  3 deep elf elementalists (Elf:3)
  2 war gargoyles
  22 stone giants
  18 quicksilver oozes
  The ghost of jfcaron the Prestidigitator, a journeyman GnAr of Kikubaaqudgha (Lair:5)
  4 broodmothers
  6 spriggan defenders
  5 ironbound thunderhulks
  4 vampire knights
  6 deep elf demonologists
  6 eleionomae
  4 green draconians
  2 purple draconians (Depths:4)
  9 deep elf annihilators (Elf:3)
  8 bunyips
  18 dire elephants
  Nessos (Orc:2)
  3 black draconians
  5 entropy weavers
  3 white draconians
  2 yellow draconians
  Azrael (D:12)
  11 spark wasps
  The ghost of Pigot the Bludgeoner, a journeyman MiBe of Trog (D:15)
  Snorg (Orc:2)
  8 deep elf death magi
  16 ettins
  A crystal guardian (Vaults:3)
  10 great orbs of eyes
  5 fire dragons
  11 yaktaur captains
  The ghost of Taurus the Cleaver, a journeyman MiFi of the Shining One (D:12)
  5 deep elf high priests (Elf:3)
  A shambling mangrove (Swamp:4)
  25 hydras
  3 ice dragons
  2 peacekeepers (Vaults:3)
  A spectral spriggan (Depths:1)
  10 boulder beetles
  A ghost crab (Swamp:4)
  3 spriggan air magi
  A jorogumo (Spider:3)
  3 rakshasas
  2 caustic shrike simulacra (IceCv)
  48 vault guards
  13 centaur warriors
  3 catoblepae (Lair:6)
  6 ironbound frosthearts
  6 two-headed ogres
  2 death knights
  3 ogre magi
  6 alligators
  5 deep troll earth magi
  4 deep troll shamans
  A vampire mage (Vaults:3)
  A radroach (Spider:4)
  27 dancing weapons
  15 death yaks
  2 hell hogs (Depths:4)
  2 two-headed ogres (shapeshifter)
  4 tengu warriors
  Urug (Lair:6)
  7 hell knights (Depths:3)
  2 spriggan berserkers
  9 spriggans
  A titan skeleton (Vaults:3)
  2 sun demons (Depths:4)
  An orc high priest (Orc:2)
  Sonja (Orc:2)
  12 deep elf knights
  A soul eater (Depths:4)
  4 iron trolls (Depths:3)
  5 pharaoh ants
  A fire crab (Lair:6)
  A sun moth (Spider:4)
  9 goliath frogs
  36 deep trolls
  A sixfirhy (Depths:2)
  15 orb spiders
  5 skeletal warriors
  8 steelbarb worms
  A spriggan simulacrum (IceCv)
  10 bog bodies
  3 glowing orange brains
  8 swamp dragons
  3 flayed ghosts
  A swamp dragon (shapeshifter) (Vaults:4)
  9 wizards
  11 lindwurms
  10 deep elf archers
  16 ironbound convokers
  A sphinx zombie (Vaults:3)
  12 orc knights
  2 obsidian statues (IceCv)
  A tengu skeleton (Vaults:3)
  A harpy (shapeshifter) (Depths:1)
  5 phantasmal warriors
  9 harpies
  An oklob plant (Lair:6)
  25 deep elf pyromancers
  7 necromancers
  20 ugly things
  2 will-o-the-wisps
  6 orc sorcerers
  22 wolf spiders
  A frost giant zombie (D:15)
  A stone giant zombie (D:15)
  26 deep elf zephyrmancers
  2 salamanders (Depths:3)
  8 shining eyes
  4 cyclopes
  3 human zombies
  7 manticores
  11 elephants
  Joseph (D:8)
  6 moths of wrath
  4 rust devils
  A fire giant skeleton (D:15)
  3 eyes of devastation
  An eye of devastation (shapeshifter) (Vaults:5)
  6 black mambas
  Maurice (D:8)
  4 torpor snails
  20 cane toads
  17 vault sentinels
  3 orange demons
  A spriggan zombie (Depths:1)
  2 unseen horrors (D:11)
  3 rime drakes
  A rime drake (shapeshifter) (D:14)
  An anaconda simulacrum (IceCv)
  6 komodo dragons
  37 yaktaurs
  A tormentor (Depths:2)
  2 efreet (D:13)
  11 demonic crawlers
  A komodo dragon (shapeshifter) (Elf:2)
  6 tengu conjurers
  3 kobold demonologists (D:9)
  2 ice devils
  Psyche (D:8)
  7 freezing wraiths
  12 polar bears
  A wind drake (shapeshifter) (Elf:2)
  3 meliai (Spider:4)
  10 trolls
  17 hornets
  16 blink frogs
  A tengu simulacrum (Depths:1)
  A wolf spider simulacrum (D:14)
  An ettin zombie (D:15)
  12 tyrant leeches
  22 tarantellas
  2 frost giant simulacra
  112 slime creatures
  2 raiju (Lair:6)
  20 culicivoras
  8 water elementals
  29 jumping spiders
  A shadow (D:11)
  2 centaur simulacra
  34 yaks
  A jumping spider (shapeshifter) (D:10)
  3 vampires
  8 basilisks
  8 wraiths
  An air elemental (Elf:2)
  5 wyverns
  8 fire elementals
  10 golden eyes
  The ghost of turdburglar the Slasher, an amateur DsGl (D:5)
  73 redbacks
  11 vampire mosquitoes
  A harpy simulacrum (Hell)
  11 wargs
  10 swamp worms
  A swamp worm (shapeshifter) (Depths:4)
  19 hell hounds
  11 hydra simulacra
  4 acid dragons
  13 water moccasins
  Duvessa (D:5)
  8 swamp drakes
  2 floating eyes (Orc:1)
  An ogre skeleton (Vaults:2)
  A meliai simulacrum (D:15)
  43 orc warriors
  An ice beast (D:5)
  15 black bears
  15 ogres
  4 boggarts
  4 ettin simulacra (IceCv)
  53 wolves
  15 centaurs
  A human skeleton (Vaults:1)
  A phantom (D:6)
  4 kobold brigands
  13 bullfrogs
  2 earth elementals
  A necrophage (D:6)
  2 gnoll sergeants
  4 scorpions
  5 wights
  Dowan (D:5)
  2 lindwurm simulacra (IceCv)
  10 killer bees
  6 howler monkeys
  An electric eel (Lair:2)
  4 hounds
  2 jellies
  A gnoll shaman (D:6)
  18 orc priests
  Natasha (thrice) (D:3)
  5 iguanas
  10 orc wizards
  6 adders
  18 gnolls
  2 shadow imps (D:5)
  3 white imps
  An ufetubus (D:5)
  3 worms (D:2)
  3 dart slugs
  80 orcs
  6 endoplasms
  6 giant cockroaches
  7 goblins
  10 hobgoblins
  11 jackals
  3 quokkas
  3 ball pythons (D:4)
  8 bats
  4 frilled lizards
  23 kobolds
  3 rats
  23 briar patches
  A plant (Depths:3)
2166 creatures vanquished.

Vanquished Creatures (others)
  2 bloated husks (Swamp:3)
  A boggart (Vaults:2)
  6 foxfires
  31 fungi
  60 plants
  4 withered plants (D:15)
104 creatures vanquished.

Grand Total: 2270 creatures vanquished

Notes
Turn   | Place    | Note
-------+----------+-------------------------------------------
     0 | D:1      | siradein the Minotaur Berserker began the quest for the
                  | Orb.
     0 | D:1      | Reached XP level 1. HP: 19/19 MP: 0/0
   188 | D:1      | Reached XP level 2. HP: 27/27 MP: 1/1
  1006 | D:1      | Found a faded altar of an unknown god.
  1165 | D:2      | Reached ** piety under Trog
  1168 | D:2      | Reached XP level 3. HP: 26/33 MP: 2/2
  1649 | D:2      | Reached XP level 4. HP: 40/40 MP: 3/3
  2605 | D:3      | Noticed Natasha
  2615 | D:3      | Killed Natasha
  2616 | D:3      | Reached XP level 5. HP: 47/47 MP: 4/4
  2652 | D:3      | Identified the +8 mace "Teoq" {venom, Will+ Dex+2}
  2783 | D:3      | Noticed Natasha
  2786 | D:3      | Killed Natasha
  2897 | D:3      | Found the +7 Throatcutter {drain, coup de grace}
  2951 | D:3      | Noticed Natasha
  2959 | D:3      | Killed Natasha
  2959 | D:3      | Reached *** piety under Trog
  2960 | D:3      | Reached skill level 5 in Axes
  3247 | D:4      | Reached skill level 5 in Fighting
  3374 | D:4      | Reached XP level 6. HP: 55/56 MP: 5/5
  3428 | D:4      | Identified the +6 scale mail of Winter {+Inv rF+ rC+
                  | Slay+3}
  3583 | D:4      | Identified the ring "Qyareops" {rC+ rCorr Dex+4}
  3805 | D:4      | Reached skill level 5 in Armour
  3805 | D:4      | Reached XP level 7. HP: 62/62 MP: 6/6
  3963 | D:5      | Entered Level 5 of the Dungeon
  4107 | D:5      | Found a transporter.
  4112 | D:5      | Found a transporter.
  4113 | D:5      | Noticed turdburglar's ghost (amateur DsGl)
  4147 | D:5      | Noticed Duvessa
  4150 | D:5      | Reached skill level 5 in Dodging
  4155 | D:5      | Killed Duvessa
  4459 | D:5      | Reached XP level 8. HP: 70/71 MP: 7/7
  4740 | D:5      | Noticed Dowan
  4982 | D:5      | Killed Dowan
  5324 | D:6      | Reached **** piety under Trog
  5432 | D:6      | Reached XP level 9. HP: 60/81 MP: 8/8
  6239 | D:7      | Found a staircase to the Ecumenical Temple.
  6743 | D:8      | Noticed Joseph
  6757 | D:8      | Killed Joseph
  6826 | D:8      | Noticed Maurice
  6841 | D:8      | Killed Maurice
  6904 | D:8      | Noticed Psyche
  6931 | D:8      | Killed Psyche
  7094 | D:8      | Found a staircase to the Lair.
  7098 | D:8      | Reached XP level 10. HP: 53/91 MP: 9/9
  7114 | D:8      | HP: 4/91 [orc priest/divine providence (11)]
  7673 | D:9      | Found a flagged portal.
  7690 | Bailey   | Entered a bailey
  7708 | Bailey   | Noticed an orc knight
  7723 | Bailey   | Killed an orc knight
  7724 | Bailey   | Reached skill level 10 in Axes
  7747 | Bailey   | Reached skill level 10 in Fighting
  8103 | D:9      | Noticed a deep elf pyromancer
  8123 | D:9      | Killed a deep elf pyromancer
  8198 | D:9      | Reached skill level 10 in Armour
  8407 | D:9      | Reached XP level 11. HP: 90/101 MP: 10/10
  8433 | D:9      | Found a staircase to the Orcish Mines.
  8936 | D:10     | Entered Level 10 of the Dungeon
  8966 | D:10     | Reached ***** piety under Trog
  8972 | D:10     | Reached skill level 10 in Dodging
  9089 | D:10     | Noticed a two-headed ogre
  9119 | D:10     | Killed a two-headed ogre
  9449 | D:10     | Noticed a wizard
  9449 | D:10     | Noticed an ogre mage
  9449 | D:10     | Noticed a centaur warrior
  9453 | D:10     | Killed a wizard
  9453 | D:10     | Received a gift from Trog
  9457 | D:10     | Killed an ogre mage
  9460 | D:10     | Killed a centaur warrior
  9496 | D:10     | Identified the +1 hat of Demons {Rampage rPois rC-}
  9496 | D:10     | Identified the +1 leather armour "Ikycwy" {+Inv Dex+3}
  9533 | D:10     | You are sucked into a shaft and drop 3 floors!
  9657 | D:12     | Noticed Azrael
  9679 | D:12     | Killed Azrael
  9680 | D:12     | Reached XP level 12. HP: 112/112 MP: 11/11
  9681 | D:12     | Noticed a four-headed hydra
  9685 | D:12     | Noticed a two-headed ogre
  9721 | D:12     | Found Imuam's Distillery.
  9872 | D:10     | Found a burning altar of Makhleb.
 10157 | D:11     | Noticed a boulder beetle
 10177 | D:11     | Killed a boulder beetle
 10756 | D:11     | Noticed a centaur warrior
 10756 | D:11     | Noticed a two-headed ogre
 10766 | D:11     | Killed a two-headed ogre
 10768 | D:11     | Killed a centaur warrior
 10868 | D:11     | Received a gift from Trog
 11123 | Lair:1   | Entered Level 1 of the Lair of Beasts
 12434 | Lair:2   | Reached XP level 13. HP: 123/123 MP: 12/12
 13848 | Lair:4   | Identified the +9 spear of Urgency {freeze, Fly rN+ Will-
                  | rCorr}
 13881 | Lair:4   | Found a hole to the Spider Nest.
 14199 | Lair:4   | Reached skill level 15 in Axes
 14227 | Lair:4   | Found a staircase to the Swamp.
 14344 | Lair:5   | Reached skill level 15 in Fighting
 14359 | Lair:5   | Found a large runed translucent door.
 14359 | Lair:5   | Found a large runed translucent door.
 14359 | Lair:5   | Noticed jfcaron's ghost (journeyman GnAr)
 14520 | Lair:5   | Reached XP level 14. HP: 112/135 MP: 13/13
 14658 | Lair:5   | Reached skill level 15 in Armour
 14662 | Lair:5   | Received a gift from Trog
 15282 | D:5      | Killed turdburglar's ghost
 15464 | Lair:5   | Killed jfcaron's ghost
 15510 | Lair:6   | Entered Level 6 of the Lair of Beasts
 15551 | Lair:6   | Noticed Urug
 15576 | Lair:6   | Killed Urug
 16113 | Lair:6   | Found a viscous altar of Jiyva.
 16113 | Lair:6   | Found a staircase to the Slime Pits.
 16282 | Lair:6   | Received a gift from Trog
 16512 | Lair:6   | Reached ****** piety under Trog
 16553 | Lair:6   | Reached XP level 15. HP: 135/145 MP: 14/14
 16566 | Lair:6   | Reached skill level 15 in Dodging
 16671 | Lair:6   | Identified the +2 robe "Yqismi" {Dex+4}
 17114 | D:12     | Bought a potion of resistance for 140 gold pieces
 17114 | D:12     | Bought a potion of invisibility for 112 gold pieces
 17114 | D:12     | Bought a potion of might for 56 gold pieces
 17114 | D:12     | Bought 2 potions of degeneration for 28 gold pieces
 17114 | D:12     | Bought a potion of cancellation for 112 gold pieces
 17571 | D:12     | Found a transporter.
 17573 | D:12     | Noticed Taurus's ghost (journeyman MiFi)
 17575 | D:12     | Found a transporter.
 17905 | D:12     | Killed Taurus's ghost
 18130 | Orc:1    | Entered Level 1 of the Orcish Mines
 18206 | Orc:1    | Received a gift from Trog
 18499 | Orc:1    | Paralysed by a floating eye for 4 turns
 18606 | Orc:2    | Entered Level 2 of the Orcish Mines
 18662 | Orc:2    | Found a staircase to the Elven Halls.
 18712 | Orc:2    | Noticed Snorg
 18715 | Orc:2    | Noticed Sonja
 18719 | Orc:2    | Killed Snorg
 18738 | Orc:2    | Killed Sonja
 19070 | Orc:2    | Found Ige Olocs's General Store.
 19070 | Orc:2    | Found Pourro's General Store.
 19110 | Orc:2    | Bought a scroll of magic mapping for 56 gold pieces
 19110 | Orc:2    | Bought a scroll of identify for 32 gold pieces
 19110 | Orc:2    | Bought a potion of curing for 48 gold pieces
 19110 | Orc:2    | Bought 2 scrolls of teleportation for 96 gold pieces
 19120 | Orc:2    | Bought the +14 plate armour of Privacy {Slay+6} for 1639
                  | gold pieces
 19133 | Orc:2    | Bought a scroll of identify for 28 gold pieces
 19133 | Orc:2    | Bought a potion of heal wounds for 70 gold pieces
 19338 | Orc:2    | Found Xoirin's Distillery.
 19463 | Orc:2    | Found Iwann's Assorted Antiques.
 19463 | Orc:2    | Found Bypna's Book Shoppe.
 19470 | Orc:2    | Noticed Nessos
 19525 | Orc:2    | Killed Nessos
 19639 | Orc:2    | Bought a scroll of identify for 48 gold pieces
 19639 | Orc:2    | Bought a scroll of identify for 48 gold pieces
 19639 | Orc:2    | Bought a scroll of identify for 48 gold pieces
 20559 | D:13     | Received a gift from Trog
 20605 | D:13     | Found a gate to the Vaults.
 20700 | D:13     | Reached XP level 16. HP: 133/157 MP: 15/15
 21547 | D:14     | Noticed Jorgrun
 21575 | D:14     | Killed Jorgrun
 21677 | D:14     | Found a sparkling altar of Nemelex Xobeh.
 21833 | D:14     | Identified the +4 chain mail of Suax {rN++ Int-2}
 21851 | D:15     | Entered Level 15 of the Dungeon
 21945 | D:15     | Found a staircase to the Depths.
 22266 | D:15     | Received a gift from Trog
 22454 | D:15     | Found a runed translucent gate.
 22454 | D:15     | Found a runed translucent gate.
 22454 | D:15     | Found a runed translucent gate.
 22455 | D:15     | Noticed Pigot's ghost (journeyman MiBe)
 22633 | D:15     | Killed Pigot's ghost
 22911 | Swamp:1  | Entered Level 1 of the Swamp
 23024 | Swamp:1  | Noticed a thorn hunter
 23036 | Swamp:1  | Killed a thorn hunter
 24740 | Swamp:4  | Entered Level 4 of the Swamp
 24750 | Swamp:4  | Reached XP level 17. HP: 166/166 MP: 16/16
 24863 | Swamp:4  | Received a gift from Trog
 24864 | Swamp:4  | Noticed the 27-headed Lernaean hydra
 24972 | Spider:1 | Entered Level 1 of the Spider Nest
 25013 | Spider:1 | Noticed Rupert
 25024 | Spider:1 | Killed Rupert
 26276 | Spider:2 | Received a gift from Trog
 27999 | Swamp:4  | Killed the 24-headed Lernaean hydra
 28063 | Swamp:4  | Noticed Donald
 28078 | Swamp:4  | Killed Donald
 28193 | Swamp:4  | Got a decaying rune of Zot
 28596 | Spider:3 | Reached XP level 18. HP: 178/178 MP: 17/17
 28613 | Spider:3 | Identified the +9 lajatang of Righteous Anger {vorpal,
                  | rElec Will++} (Trog gifted it to you on level 3 of the
                  | Spider Nest)
 28613 | Spider:3 | Received a gift from Trog
 29399 | Spider:4 | Entered Level 4 of the Spider Nest
 30148 | Spider:4 | Received a gift from Trog
 30425 | Spider:4 | Noticed Bai Suzhen
 30438 | Spider:4 | Killed Bai Suzhen
 30911 | Spider:4 | Got a gossamer rune of Zot
 31353 | Vaults:1 | Entered Level 1 of the Vaults
 31456 | Vaults:1 | You are sucked into a shaft and drop 1 floor!
 31473 | Vaults:2 | Received a gift from Trog
 31693 | Vaults:2 | Found Yfinkuxt's Weapon Shoppe.
 31839 | Vaults:1 | Reached XP level 19. HP: 189/189 MP: 18/18
 32781 | Vaults:1 | Received a gift from Trog
 33514 | Vaults:2 | Received a gift from Trog
 33850 | Vaults:2 | Identified the +1 plate armour "Galehewn" {Int+2 SInv}
 34247 | Vaults:3 | Reached skill level 1 in Evocations
 34543 | Vaults:3 | Reached XP level 20. HP: 120/200 MP: 19/19
 34663 | Vaults:3 | Received a gift from Trog
 34959 | Vaults:3 | Paralysed by a vampire knight for 2 turns
 35039 | Vaults:3 | Found a staircase to the Crypt.
 35170 | Vaults:3 | Found Agiv's Distillery.
 35177 | Vaults:3 | Bought a potion of resistance for 180 gold pieces
 35177 | Vaults:3 | Bought 2 potions of curing for 108 gold pieces
 35177 | Vaults:3 | Bought a potion of curing for 54 gold pieces
 35430 | Vaults:4 | Received a gift from Trog
 35857 | Vaults:4 | Noticed a golden dragon
 35864 | Vaults:4 | Received a gift from Trog
 35873 | Vaults:4 | Killed a golden dragon
 35874 | Vaults:4 | Reached skill level 5 in Evocations
 37204 | Elf:1    | Entered Level 1 of the Elven Halls
 37245 | Elf:1    | Found Myriff's General Store.
 37250 | Elf:1    | Bought a potion of curing for 54 gold pieces
 37250 | Elf:1    | Bought a potion of curing for 54 gold pieces
 37250 | Elf:1    | Bought 2 potions of curing for 108 gold pieces
 37316 | Elf:1    | Found a frozen archway.
 37344 | IceCv    | Entered an ice cave
 37571 | IceCv    | Received a gift from Trog
 37574 | IceCv    | Identified the +3 ice dragon scales of Anaesthesia {+Inv
                  | rF- rC++ Will- Str+3}
 37638 | IceCv    | Reached XP level 21. HP: 210/210 MP: 20/20
 37643 | IceCv    | Identified the -2 pair of boots "Odehude" {Harm *Slow rF+}
 38337 | Elf:1    | Found Ytodiewn's Jewellery Shoppe.
 38337 | Elf:1    | Found Mivoxij's Book Boutique.
 38339 | Elf:1    | Found Hoxiubbo's Jewellery Shoppe.
 38855 | Elf:2    | Paralysed by an air elemental for 1 turns
 38880 | Elf:2    | Identified the +5 scale mail "Gagones" {Rampage rC+ Int-3
                  | Dex+3}
 38966 | Elf:2    | Found a runed translucent gate.
 39095 | Elf:2    | Found a runed translucent gate.
 39096 | Elf:2    | Found a runed translucent gate.
 39334 | Elf:2    | Reached skill level 1 in Throwing
 39440 | Elf:2    | Received a gift from Trog
 39726 | Elf:3    | Entered Level 3 of the Elven Halls
 39881 | Elf:3    | Noticed Mara
 39908 | Elf:3    | Noticed siradein's illusion
 39911 | Elf:3    | Killed Mara
 39954 | Elf:3    | HP: 10/201 [deep elf master archer/arrow (13)]
 40309 | Elf:3    | Received a gift from Trog
 40470 | Elf:3    | Identified the +5 triple sword "Uxiosh" {vorpal, rF- Will++
                  | rCorr Dex+4}
 40486 | Elf:3    | Identified the +4 flail "Xytsijea" {flame, rN+}
 40991 | Elf:3    | Identified the +5 ring mail "Xopnoug" {Rampage rC+ Will-
                  | Str+2}
 41003 | Elf:3    | Identified the +8 morningstar of Ignis's Reproof {venom,
                  | Int+6}
 41068 | Elf:3    | Identified the amulet "Sabbei Raib" {Reflect Fly Regen+
                  | Str-5 SH+5}
 41110 | Elf:3    | Identified the +6 shortbow of Coffooj {speed, +Blink rPois
                  | Int-5}
 41165 | Elf:3    | Received a gift from Trog
 41383 | Elf:3    | Found Naofoty's Magic Scroll Boutique.
 41392 | Elf:3    | Bought a scroll of silence for 135 gold pieces
 41392 | Elf:3    | Bought a scroll of blinking for 135 gold pieces
 41392 | Elf:3    | Bought a scroll of brand weapon for 360 gold pieces
 41392 | Elf:3    | Bought a scroll of teleportation for 54 gold pieces
 41715 | Depths:1 | Entered Level 1 of the Depths
 41893 | Depths:1 | Identified a scroll of acquirement
 41904 | Depths:1 | Acquired the ring of Qaathoju {rN+ EV+4 Int+3 Dex-5 SInv}
 41924 | Depths:1 | Noticed Aizul
 41935 | Depths:1 | Killed Aizul
 42124 | Depths:1 | Found a gateway to Hell.
 42225 | Depths:1 | Reached XP level 22. HP: 120/220 MP: 21/21
 42603 | Depths:1 | Identified the ring "Ojud" {Fly rF+ Will+ Int-4}
 42655 | Depths:1 | Reached skill level 5 in Throwing
 42830 | Depths:1 | Found a hazy altar of Hepliaklqana.
 42970 | Depths:2 | Found an ancient bone altar of Kikubaaqudgha.
 43130 | Depths:2 | You are sucked into a shaft and drop 1 floor!
 43130 | Depths:3 | Noticed a juggernaut
 43139 | Depths:3 | Killed a juggernaut
 43309 | Depths:3 | Received a gift from Trog
 43845 | Depths:2 | Found a one-way gate leading to the halls of Pandemonium.
 44083 | Depths:2 | Found Ezeapp's Weapon Shop.
 44085 | Depths:2 | Found Suram's Distillery.
 44088 | Depths:2 | Found Paxtoz's Antique Weapon Shop.
 44093 | Depths:2 | Bought a potion of cancellation for 168 gold pieces
 44093 | Depths:2 | Bought a potion of heal wounds for 105 gold pieces
 44614 | Depths:3 | Found a hide-covered altar of Uskayaw.
 44800 | Depths:3 | Noticed Louise
 44801 | Depths:3 | Found a one-way gate to the infinite horrors of the Abyss.
 44814 | Depths:3 | Killed Louise
 44956 | Depths:3 | Received a gift from Trog
 45596 | Depths:4 | Entered Level 4 of the Depths
 45644 | Depths:4 | Found a one-way gateway to a ziggurat.
 45674 | Depths:4 | Reached XP level 23. HP: 151/231 MP: 22/22
 46100 | Depths:4 | Found a gate to the Realm of Zot.
 46483 | Depths:4 | Received a gift from Trog
 46837 | Hell     | Entered the Vestibule of Hell
 46837 | Hell     | Noticed Geryon
 46839 | Hell     | Noticed Murray
 46958 | Depths:4 | Killed Murray
 47619 | Slime:1  | Entered Level 1 of the Pits of Slime
 47690 | Slime:1  | Gained mutation: You occasionally shout uncontrollably at
                  | your foes. [a shining eye]
 49132 | Slime:3  | Received a gift from Trog
 49313 | Slime:3  | You are sucked into a shaft and drop 1 floor!
 49320 | Slime:4  | Reached skill level 10 in Evocations
 49321 | Slime:4  | Gained mutation: You tend to lose your temper in combat. [a
                  | shining eye]
 49325 | Slime:4  | Gained mutation: Your spells are a little easier to cast,
                  | but a little less powerful. [a shining eye]
 49331 | Slime:4  | Lost mutation: You tend to lose your temper in combat.
                  | [potion of mutation]
 49331 | Slime:4  | Lost mutation: You occasionally shout uncontrollably at
                  | your foes. [potion of mutation]
 49331 | Slime:4  | Lost mutation: Your spells are a little easier to cast, but
                  | a little less powerful. [potion of mutation]
 49331 | Slime:4  | Gained mutation: You are robust. (+10% HP) [potion of
                  | mutation]
 49331 | Slime:4  | Gained mutation: You have sharp toenails. [potion of
                  | mutation]
 50109 | Slime:5  | Entered Level 5 of the Pits of Slime
 50572 | Slime:5  | Received a gift from Trog
 50761 | Slime:5  | Gained mutation: Your magical capacity is low. (-10% MP) [a
                  | shining eye]
 50890 | Slime:5  | Found a viscous altar of Jiyva.
 51093 | Slime:5  | Noticed the Royal Jelly
 51580 | Slime:5  | Killed the Royal Jelly
 51878 | Slime:5  | Found the +2 hood of the Assassin {Detection Stab+ Stlth++}
 51922 | Slime:5  | Identified the ring of Fiyf {Fly rPois rF+ Int+4}
 51932 | Slime:5  | Got a slimy rune of Zot
 52568 | Vaults:5 | Entered Level 5 of the Vaults
 52650 | Vaults:5 | Received a gift from Trog
 52716 | Vaults:5 | Noticed an ancient lich
 52724 | Vaults:4 | Reached XP level 24. HP: 226/266 MP: 19/19
 52844 | Vaults:5 | Killed an ancient lich
 53021 | Vaults:5 | Identified the amulet of the Monkey {+Blink rF- rC+ Regen+
                  | Dex+6}
 53106 | Vaults:4 | HP: 11/267 [storm dragon/bolt of lightning (18)]
 53686 | Vaults:4 | Reached skill level 10 in Throwing
 54422 | Vaults:5 | Identified the +7 chain mail "Wojecket" {Fly Will+ Int+3}
 54673 | Vaults:5 | Received a gift from Trog
 54980 | Vaults:5 | Got a silver rune of Zot
 55595 | Zot:1    | Entered Level 1 of the Realm of Zot
 56193 | Zot:1    | Noticed an orb of fire
 56195 | Zot:1    | Gained mutation: You are somewhat resistant to further
                  | mutation. [an orb of fire]
 56205 | Zot:1    | Gained mutation: Your magical capacity is very low. (-20%
                  | MP) [an orb of fire]
 56209 | Zot:1    | Killed an orb of fire
 56232 | Zot:1    | Slain by an electric golem

Illustrated notes

Levels and vault maps discovered:
D:1:      dpeg_arrival_central, layout_loops_ring,
          shapermc_ecumenical_altar_mp_vishouse
D:2:      layout_basic
D:3:      layout_basic, hangedman_decor_clover_reticule,
          dilly_guarded_unrand_throatcut, uniq_natasha
D:4:      layout_loops_ring, fountainhead, kennysheep_doodads
D:5:      layout_loops_corners, gammafunk_ghost_hive, minmay_hedge_maze,
          minmay_manual_mares, uniq_duvessa
D:6:      layout_cave_pools
D:7:      layout_basic, minmay_temple_entry_statues_fountains
D:8:      layout_layer_cave, erik_lair_orcish_takeover, uniq_joseph,
          uniq_maurice, uniq_psyche
D:9:      layout_basic, david_orc_4, enter_bailey_4
D:10:     layout_gridville, mainiacjoe_overflow_six_doors_small,
          minmay_the_grid_2x2 [minmay_the_grid_rooms, minmay_the_grid_embedded,
          minmay_the_grid_minigrid_large, minmay_the_grid_prize_shrinking_boxes]
D:11:     cheibrodos_barr_body, layout_loops_ring, hangedman_decor_push,
          minmay_lizard_king
D:12:     layout_irregular_city, serial_shops, nicolae_shop_hallway_stairs,
          gammafunk_ghost_mausoleum, einodemon_barbed_minivault, uniq_azrael
D:13:     layout_basic, erik_vaults_2
D:14:     layout_basic, nemelex_diamond_rough_becter,
          minmay_fractal_squares_gapless_5, uniq_jorgrun
D:15:     gammafunk_depths_entry_grave, layout_gridville,
          ebering_ghost_rock_garden
Lair:1:   layout_gridlike, beast_lair_carwin_11, lemuel_fruit_tree
Lair:2:   cheibrodos_lair_overgrown_chateau, layout_gridlike,
          infiniplex_staircase_pool, lemuel_fruit_fields
Lair:3:   layout_regular_city, chequers_serial_rivers_marsh,
          grunt_forest_large_clearings, grunt_megastairs_5, serial_bayou_shore_b
Lair:4:   layout_cave_shapes, palyth_hydra_swamp_entry, dummy_spider_entry
Lair:5:   layout_cave_pods, ebering_ghost_disaster_area, nicolae_lair_lil_pond,
          grunt_megastairs_2
Lair:6:   hangedman_lair_caniforms_friends, layout_regular_city,
          hangedman_lair_in_review, dpeg_slime_entry_enclosed_altar, uniq_urug
Swamp:1:  layout_falls_marsh, infiniplex_staircase_pool_2
Swamp:2:  layout_basic_swamp, evilmike_swamp_ruin_house_1, swamp_pool1,
          hangedman_swamp_pad
Swamp:3:  layout_basic_swamp, evilmike_swamp_ruin_house_4, swamp_pool3,
          nicolae_swamp_bunyip_nook
Swamp:4:  grunt_swamp_rune_castle, layout_basic_swamp, uniq_donald
Spider:1: layout_spider_delve, uniq_rupert
Spider:2: layout_spider_delve
Spider:3: layout_cave_pods
Spider:4: grunt_spider_rune_circles, nicolae_spider_moth_buddies,
          uniq_bai_suzhen
Slime:1:  layout_caves, nicolae_slime_barrier
Slime:2:  layout_caves
Slime:3:  layout_caves
Slime:4:  layout_caves
Slime:5
Orc:1:    hellmonk_paralyzer, layout_caves, basic_altar
Orc:2:    st_orc_town, layout_caves, serial_shops, shop, uniq_nessos,
          uniq_sonja, uniq_snorg
Elf:1:    eino_elf_arrival_shootout, layout_loops_corners,
          portal_ice_cave_entry_pillars_three, serial_shops,
          nicolae_shop_hallway_plus, hangedman_elf_disciples,
          grunt_ministairs_8, minmay_shop_grove
Elf:2:    elven_hall_of_blades_hangedman_original
          [nicolae_blade_entry_diamond_columns], layout_gridlike,
          hangedman_elven_pyramids
Elf:3:    minmay_elf_hall_quartered_circle, layout_loops_ring, serial_shops,
          shop, kilobyte_mutagenic_chamber, uniq_mara
Vaults:1: v_alt_pattern_6, nicolae_vaults_c_with_doors,
          nicolae_vaults_shelves_hall, v_misc_16, vaults_mumra_chevron_long,
          v_misc_29, v_misc_17, layout_vaults_chaotic_city
Vaults:2: vaults_room_pool, hangedman_vaults_river_flow,
          nicolae_vaults_alarming, hangedman_vaults_hat, v_rooms_2,
          hangedman_vaults_restitches, st_lattice, v_rooms_3,
          ontoclasm_vaults_twist, v_misc_16, grunt_vaults_hallway_long,
          layout_vaults_omnicross, serial_shops, nicolae_shop_statue_plus,
          serial_glass
Vaults:3: nicolae_vaults_puzzle_piece, minmay_crypt_entry_simple_walls,
          vaults_room_grunt_arrival_ludios, ontoclasm_vaults_tryst,
          ontoclasm_vaults_spin, nicolae_vaults_network_barrier,
          grunt_vaults_hallway_short, vaults_room_pools,
          nicolae_vaults_little_squares_4, layout_vaults_omnigrid, serial_shops,
          nicolae_shop_temple_entry_statues_fountains
Vaults:4: nicolae_vaults_rhombus_6, v_misc_10, st_greater_box_5,
          vaults_mumra_chevron, v_misc_26, nicolae_vaults_circle_grid_b,
          hangedman_vaults_snaps, v_misc_14, v_misc_10,
          grunt_vaults_hallway_long, vaults_dpeg_diagonal,
          nicolae_vaults_network_s, hangedman_vaults_trim,
          ontoclasm_vaults_loading_screen, layout_vaults_omnibox
Vaults:5: serial_shops
Depths:1: evilmike_diamond_1, layout_cave_shapes, hell_entry,
          columned_hall_lemuel, nicolae_hepliaklqana_monster_ancestors,
          uniq_aizul
Depths:2: kennysheep_ambush_hall, layout_gridlike, rand_demon_pan_entry_1,
          hell_entry, chequers_hall_statues_wall_a,
          nicolae_kikubaaqudgha_miasma_corner, infiniplex_staircase_pool_lava,
          minmay_shop_star, serial_bayou_shore_b
Depths:3: cheibrodos_hall_of_evolution, layout_gridville,
          nicolae_abyss_entry_one_way_or_another, nicolae_uskayaw_dance_hall,
          grunt_hell_entry_dis_grunt, infiniplex_staircase_door_maze,
          serial_bayou_shore_b
Depths:4: grunt_zot_entry_funnels, layout_cave_shapes, enter_ziggurat_d,
          hangedman_coc_ice_floe, minmay_door_square
Hell
Zot:1:    kennysheep_room_grid, layout_misc_corridors, nicolae_lava_and_water

Skill      XL: |  1  2  3  4  5  6  7  8  9 10 11 12 13 14 15 16 17 18 19 20 21 22 23 24 |
---------------+-------------------------------------------------------------------------+-----
Axes           | 4 5 6 8 9 10 12 13 15 16 17 18 20 21 22 23 24 25 | 25.6
Fighting       | 4 5 6 7 9 10 12 13 15 16 17 18 20 21 22 23 24 25 | 25.6
Armour         | 3 4 5 6 7 9 10 12 13 14 16 17 18 19 20 22 23 24 25 | 25.5
Dodging        | 3 4 5 6 8 9 11 12 13 14 16 17 18 19 20 21 23 24 25 | 25.1
Evocations     | 2 5 7 9 10 11 | 11.7
Throwing       | 4 7 9 10 | 10.6

Action                   |  1- 3 |  4- 6 |  7- 9 | 10-12 | 13-15 | 16-18 | 19-21 | 22-24 || total
-------------------------+-------+-------+-------+-------+-------+-------+-------+-------++-------
Melee: Hand axe          |    67 |    10 |       |       |       |       |       |       ||    77
       Headbutt          |     9 |    13 |    33 |    71 |   148 |   222 |   235 |   378 ||  1109
       War axe           |       |    25 |       |       |       |       |       |       ||    25
       Mace              |       |    58 |   145 |    54 |       |       |       |       ||   257
       Long sword        |       |     5 |       |       |       |       |       |       ||     5
       Broad axe         |       |       |       |   133 |       |       |       |       ||   133
       Punch             |       |       |       |     2 |       |       |       |       ||     2
       Executioner's axe |       |       |       |   176 |   672 |   837 |   922 |  1355 ||  3962
       Battleaxe         |       |       |       |       |       |     3 |       |       ||     3
Throw: Stone             |     1 |       |       |       |       |       |       |       ||     1
       Boomerang         |       |       |       |       |       |       |       |     4 ||     4
Invok: Berserk           |       |     1 |     2 |     4 |     5 |     4 |     3 |     6 ||    25
       Trog's Hand       |       |       |       |     2 |     3 |     1 |    11 |    14 ||    31
Evoke: Wand              |       |       |       |       |     4 |       |       |       ||     4
  Use: Scroll            |       |       |       |    13 |    16 |     8 |    13 |     3 ||    53
       Potion            |       |       |       |     1 |     3 |       |     4 |     1 ||     9
 Stab: Petrified         |       |       |       |       |     3 |       |       |       ||     3
       Petrifying        |       |       |       |       |     1 |       |       |       ||     1
Armor: Leather armour    |    10 |    15 |       |       |       |       |       |       ||    25
       Ring mail         |       |     2 |       |       |       |       |       |       ||     2
       Scale mail        |       |     8 |    77 |   245 |   366 |       |       |       ||   696
       Plate armour      |       |       |       |       |   109 |   847 |   290 |       ||  1246
       Gold dragon scale |       |       |       |       |       |       |   196 |  1006 ||  1202
Dodge: Dodged            |    64 |    53 |    96 |   286 |   568 |   615 |   487 |   920 ||  3089
       Repelled          |       |       |       |       |     5 |       |       |       ||     5
Block: Other             |       |       |       |       |       |       |     4 |   256 ||   260
       Reflection        |       |       |       |       |       |       |     1 |     5 ||     6

Table legend: (Time is in decaauts)
 A = Elapsed time spent in this place.
 B = Non-inter-level travel time spent in this place.
 C = Inter-level travel time spent in this place.
 D = Time resting spent in this place.
 E = Time spent auto-exploring this place.
 F = Levels seen in this place.
 G = Mean time per level.
                   A        B        C        D        E       F      G
               +--------+--------+--------+--------+--------+-----+--------+
         Total |  56144 |  49490 |   6654 |   5039 |  33393 |  52 | 1079.7 |
       Dungeon |  16458 |  13579 |   2879 |    361 |  10444 |  15 | 1097.2 |
          Lair |   6653 |   5447 |   1206 |    181 |   4162 |   6 | 1108.8 |
         Swamp |   3461 |   3035 |    426 |    526 |   1753 |   4 |  865.2 |
   Spider Nest |   4229 |   3582 |    647 |     71 |   2600 |   4 | 1057.2 |
    Slime Pits |   3966 |   3838 |    128 |    962 |   1970 |   5 |  793.2 |
  Orcish Mines |   2001 |   1856 |    145 |    180 |   1149 |   2 | 1000.5 |
   Elven Halls |   3850 |   3694 |    156 |    348 |   2378 |   3 | 1283.3 |
        Vaults |   8506 |   7816 |    690 |   1369 |   4921 |   5 | 1701.2 |
        Depths |   6019 |   5648 |    371 |   1013 |   3591 |   4 | 1504.8 |
          Hell |     10 |     10 |      0 |      0 |      0 |   1 |   10.0 |
           Zot |    143 |    143 |      0 |      5 |     35 |   1 |  143.0 |
        Bailey |    413 |    413 |      0 |      4 |    137 |   1 |  413.0 |
      Ice Cave |    430 |    430 |      0 |     16 |    251 |   1 |  430.0 |
               +--------+--------+--------+--------+--------+-----+--------+

Top non-repeatable levels by time:
Vaults:4: 2785 daAuts
Depths:4: 2137 daAuts
  Lair:6: 1714 daAuts
Vaults:1: 1603 daAuts
     D:9: 1570 daAuts
     D:8: 1521 daAuts
Vaults:3: 1430 daAuts
    D:12: 1425 daAuts
Vaults:5: 1424 daAuts
   Elf:3: 1420 daAuts
Depths:3: 1370 daAuts
     D:5: 1366 daAuts
Depths:1: 1324 daAuts
 Slime:5: 1290 daAuts
   Orc:2: 1273 daAuts
